 Dungeon Crawl Stone Soup version 0.27-a0-1066-g29160eaed2 (webtiles) character file.

Game seed: 6358115890630389305

267 Delamore the Shield-Bearer (level 6, -2/47 HPs)
             Began as a Formicid Fighter on Apr 24, 2021.
             Slain by Grinder (5 damage)
             ... on level 3 of the Dungeon.
             The game lasted 00:03:03 (2960 turns).

Delamore the Shield-Bearer (Formicid Fighter)       Turns: 2960, Time: 00:03:04

Health: -2/47      AC:  9    Str: 23    XL:     6   Next: 45%
Magic:  6/6        EV:  6    Int:  7    God:
Gold:   68         SH: 10    Dex: 10    Spells: 5/5 levels left

rFire    . . .     SeeInvis +   a - +0 war axe
rCold    . . .     Faith    .   c - +0 kite shield
rNeg     . . .     Spirit   .   k - +0 chain mail
rPois    .         Reflect  .   (helmet unavailable)
rElec    .         Harm     .   (no cloak)
rCorr    .         Rampage  .   (no gloves)
Will     .....                  (no boots)
Stlth    ..........             (no amulet)
HPRegen  0.15/turn              (no ring)
MPRegen  0.10/turn              (no ring)

@: mighty
A: permanent stasis, dig shafts and tunnels, antennae 3, four strong arms
a: Dig, Shaft Self


You were on level 3 of the Dungeon.
You visited 1 branch of the dungeon, and saw 4 of its levels.

You collected 68 gold pieces.

Inventory:

Hand Weapons
 a - a +0 war axe (weapon)
Armour
 b - a +0 scale mail
 c - a +0 kite shield (worn)
 k - a +0 chain mail (worn)
Scrolls
 e - a scroll of vulnerability {unknown}
 f - a scroll of fear {unknown}
 g - a scroll of fog {unknown}
 h - a scroll of amnesia {unknown}
 i - 3 scrolls of noise {unknown}
 j - a scroll of immolation {unknown}
 l - 2 scrolls of identify {unknown}
 m - 3 scrolls of magic mapping {unknown}
Potions
 d - a potion of might
 n - a potion of mutation {unknown}
 o - a potion of curing {unknown}


   Skills:
 - Level 3.2 Fighting
 * Level 5.2 Axes
 - Level 3.2 Armour
 + Level 5.5 Shields


You had 5 spell levels left.
You didn't know any spells.
Your spell library was empty.

Dungeon Overview and Level Annotations

Branches:
Dungeon (4/15)
 Temple: D:4-7

Altars:
Ashenzari

Shops:
D:3 [[(!

Annotations:
D:3 Grinder
D:4 Robin


Innate Abilities, Weirdness & Mutations

You cannot be hasted, slowed, berserked, paralysed or teleported.
You can dig through walls and to a lower floor.
You have a pair of large antennae on your head. (SInv)
Your four strong arms can wield two-handed weapons with a shield.


Message History

You barely miss Grinder.
Grinder is heavily wounded.
You block Grinder's attack.
Your shield and chain mail prevent you from hitting Grinder.
Grinder is heavily wounded.
Grinder gestures at you. Pain shoots through your body!
* * * LOW HITPOINT WARNING * * *
Grinder gestures at you. You resist with some effort.
You completely miss Grinder.
Grinder is heavily wounded.
Grinder gestures at you. You resist with some effort.
You slash Grinder!
Grinder is almost dead.
Grinder gestures at you. You resist with some effort. Grinder gestures at you.
You resist with some effort.
You hit Grinder but do no damage.
Grinder is almost dead.
You block Grinder's attack.
You closely miss Grinder.
Grinder is almost dead.
Grinder hits you but does no damage.
You closely miss Grinder.
Grinder is almost dead.
Grinder gestures at you. You resist with some effort.
You block Grinder's attack.
Your shield and chain mail prevent you from hitting Grinder.
Grinder is almost dead.
You block Grinder's attack.
Your shield and chain mail prevent you from hitting Grinder.
Grinder is almost dead.
You block Grinder's attack.
You completely miss Grinder.
Grinder is almost dead.
You block Grinder's attack. Grinder hits you.
You die...

....'...#####(............#.##...
....###.# #........####.#.##...
....# #.# ####+###.# #.#..)...
....# #.# #.# #.# #.####... ....#
#.# #.# #.# #....#... ###.# #.#
#.# #.# ####.#.## #.#
#.########.###.#######.#...
###.###........).............####
................@###.#....####
.........∩.......5...#....#
###.#.###########..###....# #...#
##.# #....## ####.# #.###.....#
#....# #.8.<.∩.8.# ##.##.#
#####....## .#.##.# #....#
8..##.# ##########


You could see Grinder.

Vanquished Creatures
  A hound (D:4)
  2 orc wizards
  A killer bee zombie (D:2)
  7 gnolls
  3 adders
  2 worms
  A dart slug (D:2)
  5 orcs
  4 ball pythons
  2 bats (D:3)
  3 endoplasms (D:2)
  4 giant cockroaches
  14 goblins
  4 hobgoblins
  4 jackals (D:3)
  A quokka (D:3)
  3 frilled lizards
  3 rats
64 creatures vanquished.

Notes
Turn   | Place    | Note
-------+----------+-------------------------------------------
     0 | D:1      | Delamore the Formicid Fighter began the quest for the Orb.
     0 | D:1      | Reached XP level 1. HP: 18/18 MP: 1/1
   189 | D:2      | Reached XP level 2. HP: 17/24 MP: 2/2
   325 | D:2      | Reached XP level 3. HP: 14/29 MP: 3/3
   523 | D:2      | Reached XP level 4. HP: 22/35 MP: 4/4
   943 | D:2      | Found a broken altar of Ashenzari.
  1310 | D:3      | Reached XP level 5. HP: 29/41 MP: 5/5
  1452 | D:3      | Found Qaschearch's Antique Armour Shop.
  1758 | D:3      | Reached skill level 5 in Shields
  1782 | D:3      | Found Dolos's Armour Boutique.
  1843 | D:3      | Found Lidghuq's Distillery.
  2301 | D:3      | Found Kusmur's Antique Weapon Emporium.
  2365 | D:4      | Noticed Robin
  2367 | D:4      | Noticed Grinder
  2480 | D:4      | Reached XP level 6. HP: 34/47 MP: 6/6
  2482 | D:4      | Reached skill level 5 in Axes
  2952 | D:3      | HP: 2/47 [Grinder/nerve-wracking pain (8)]
  2960 | D:3      | Slain by Grinder

Illustrated notes

Levels and vault maps discovered:
D:1:      dpeg_arrival_caged_fury, layout_loops_ring,
          hellmonk_ecumenical_altar_zigzags, minmay_shallow_snake_nest
D:2:      layout_loops_cross, basic_altar
D:3:      layout_basic, serial_shops, shop, shop_statue, shop_statue, shop
D:4:      layout_rooms, kennysheep_mini, lightli_corner_chamber, uniq_edmund,
          uniq_robin, uniq_grinder

Skill      XL: |  1  2  3  4  5  6 |
---------------+-------------------+-----
Axes           | 3 4 5 |  5.2
Shields        | 4 5 |  5.5
Fighting       | |  3.2
Armour         | |  3.2

Action                   |  1- 3 |  4- 6 || total
-------------------------+-------+-------++-------
Melee: War axe           |    44 |   178 ||   222
  Use: Potion            |       |     1 ||     1
Armor: Scale mail        |    14 |     4 ||    18
       Chain mail        |       |    96 ||    96
Dodge: Dodged            |    16 |    56 ||    72
Block: Kite shield       |    20 |   104 ||   124

Table legend: (Time is in decaauts)
 A = Elapsed time spent in this place.
 B = Non-inter-level travel time spent in this place.
 C = Inter-level travel time spent in this place.
 D = Time resting spent in this place.
 E = Time spent auto-exploring this place.
 F = Levels seen in this place.
 G = Mean time per level.
                   A        B        C        D        E       F      G
               +--------+--------+--------+--------+--------+-----+--------+
         Total |   3059 |   2913 |    146 |    913 |   1480 |   4 |  764.8 |
       Dungeon |   3059 |   2913 |    146 |    913 |   1480 |   4 |  764.8 |
               +--------+--------+--------+--------+--------+-----+--------+

Top non-repeatable levels by time:
     D:3: 1499 daAuts
     D:2: 1327 daAuts
     D:4: 230 daAuts
     D:1: 2 daAuts
